 Dungeon Crawl Stone Soup version 0.22-a0-247-gbddf880 (webtiles) character file.

492 MatthieuS the Skirmisher (level 6, -1/57 HPs)
             Began as a Minotaur Wanderer on Feb 24, 2018.
             Was a Follower of Okawaru.
             Slain by an orc
             ... wielding a +0 morningstar
              (6 damage)
             ... on level 4 of the Dungeon.
             The game lasted 00:07:54 (2573 turns).

MatthieuS the Skirmisher (Minotaur Wanderer)        Turns: 2573, Time: 00:07:55

Health: -1/57      AC:  9    Str: 15    XL:     6   Next: 91%
Magic:  5/5        EV:  8    Int: 10    God:    Okawaru [*.....]
Gold:   150        SH:  0    Dex: 12    Spells: 5/5 levels left

rFire    . . .     SeeInvis .   w - +2 hand crossbow
rCold    . . .     Gourm    .   (no shield)
rNeg     . . .     Faith    .   n - +0 chain mail
rPois    .         Spirit   .   (helmet restricted)
rElec    .         Reflect  .   j - scarf {repulsion}
rCorr    .         Harm     .   (no gloves)
MR       .....                  (no boots)
Stlth    ..........             (no amulet)
HPRegen  0.19/turn              (no ring)
MPRegen  0.09/turn              (no ring)

@: repel missiles
A: retaliatory headbutt, horns 2
a: Heroism, Renounce Religion


You were on level 4 of the Dungeon.
You worshipped Okawaru.
Okawaru was aware of your devotion.
You were not hungry.

You visited 1 branch of the dungeon, and saw 5 of its levels.

You collected 150 gold pieces.

Inventory:

Hand Weapons
 a - a +0 hand axe
 w - a +2 hand crossbow (weapon)
Missiles
 b - 29 bolts (quivered)
 d - 76 arrows
Armour
 j - a scarf of repulsion (worn)
 l - a +0 ring mail
 n - a +0 chain mail (worn)
Jewellery
 q - a +3 ring of evasion {unknown}
 t - a cursed -2 ring of intelligence {unknown}
Wands
 c - a wand of flame (12)
Scrolls
 e - 2 scrolls of fear
 g - a scroll of enchant armour {unknown}
 h - a scroll of noise {unknown}
 k - a scroll of identify
 m - a scroll of random uselessness {unknown}
 r - a scroll of enchant weapon {unknown}
 s - 2 scrolls of remove curse
 u - a scroll of teleportation {unknown}
Comestibles
 f - 4 rations
 p - 2 chunks of flesh


   Skills:
 + Level 5.6 Fighting
 - Level 3.8 Axes
 - Level 3.5 Crossbows
 + Level 4.4 Armour
 + Level 3.6 Dodging
 - Level 1.0 Stealth
   Level 1.2 Shields


You had 5 spell levels left.
You didn't know any spells.

Dungeon Overview and Level Annotations

Branches:
Dungeon (5/15)             Temple (0/1) D:4

Altars:
Okawaru
Qazlal
Vehumet
Xom


Innate Abilities, Weirdness & Mutations

You reflexively headbutt those who attack you in melee.
You have a pair of horns on your head.


Message History

Press: ? - help, Shift-Dir - straight line, f - orc
Aim: an orc, wielding a morningstar You shoot a bolt.
The bolt hits the crimson imp!
You kill the crimson imp!
Okawaru accepts your kill.
Firing (i - inventory)
b - 31 bolts (quivered)
Press: ? - help, Shift-Dir - straight line, f/p - orc
Aim: an orc, wielding a morningstar You shoot a bolt.
The bolt hits the gnoll.
The gnoll is moderately wounded.
The gnoll hits you with a flail.
* * * LOW HITPOINT WARNING * * *
Firing (i - inventory)
b - 30 bolts (quivered)
Press: ? - help, Shift-Dir - straight line, f/p - orc
Aim: an orc, wielding a morningstar You shoot a bolt.
The bolt hits the gnoll!
You kill the gnoll!
Okawaru accepts your kill. The orc hits you with a morningstar.
You die...

......< ..#
#...#.### #.#
#...#...( #.#
#........ .##.#
#......#.
....########.....#.#
#.....(.......#.#.
#.# #>..##.....#.>
#@###.........#.#.
#o##....#..#...#.#
#.##..$.#..#..).#.
#.##....#.........
#...o........#.###
####.#.####.......
..#.......#####
########.## # #.# #


You could see an orc.

Vanquished Creatures
  Sigmund (D:2)
  A scorpion (D:5)
  A centaur zombie (D:5)
  A crimson imp (D:4)
  A hound (D:4)
  An iguana (D:4)
  2 worker ants
  A gnoll (D:4)
  4 adders
  2 oozes
  An adder skeleton (D:4)
  3 dart slugs
  2 leopard geckos
  6 bats
  3 giant cockroaches
  8 goblins
  8 hobgoblins
  4 jackals (D:1)
  5 kobolds
  A ball python (D:1)
  4 frilled lizards
  4 rats
64 creatures vanquished.

Notes
Turn   | Place    | Note
-------+----------+-------------------------------------------
     0 | D:1      | MatthieuS the Minotaur Wanderer began the quest for the Orb.
     0 | D:1      | MatthieuS set off with: a +2 hand crossbow, 24 bolts, a potion of lignification, a +0 hand axe, a +0 robe, a ration
     0 | D:1      | Reached XP level 1. HP: 19/19 MP: 0/0
   344 | D:1      | Reached XP level 2. HP: 22/27 MP: 1/1
   379 | D:1      | Reached skill level 1 in Dodging
   422 | D:1      | Reached skill level 4 in Fighting
   422 | D:1      | Reached XP level 3. HP: 9/33 MP: 2/2
  1785 | D:2      | Noticed Sigmund
  1794 | D:2      | Killed Sigmund
  1794 | D:2      | Reached XP level 4. HP: 41/41 MP: 3/3
  1794 | D:2      | Reached XP level 5. HP: 47/47 MP: 4/4
  1823 | D:2      | Found a stormy altar of Qazlal.
  1969 | D:3      | Found a faded altar of an unknown god.
  2195 | D:3      | Found an iron altar of Okawaru.
  2198 | D:3      | Became a worshipper of Warmaster Okawaru
  2227 | D:3      | Found a shimmering altar of Xom.
  2311 | D:3      | Reached XP level 6. HP: 55/55 MP: 5/5
  2389 | D:4      | Reached skill level 5 in Fighting
  2433 | D:4      | Found a staircase to the Ecumenical Temple.
  2459 | D:4      | You fall through a shaft!
  2459 | D:5      | Entered Level 5 of the Dungeon
  2459 | D:5      | Found a radiant altar of Vehumet.
  2484 | D:5      | Reached * piety under Okawaru
  2573 | D:4      | Slain by an orc

Vault maps used:
D:1:      dpeg_arrival_refuge
D:2:      lemuel_coloured_pillars_altar, uniq_sigmund
D:3:      old_standard_altar, marbit_many_paths, chequers_ecumenical_altar_grove
D:4:      fiery_altar_vehumet, minmay_temple_entry_grid, first_ration,
          glass_columns_b
D:5:      basic_altar, amethyst_killhole, vehumet_altar_wand_db

Skill      XL: |  1  2  3  4  5  6 |
---------------+-------------------+-----
Dodging        | 1 2 3 |  3.6
Armour         | 2 3 4 |  4.4
Fighting       | 4 5 |  5.6
Axes           | 3 |  3.8
Crossbows      | 3 |  3.5
Stealth        | |  1.0
Shields        | |  1.2

Action                   |  1- 3 |  4- 6 || total
-------------------------+-------+-------++-------
Melee: Hand axe          |    54 |       ||    54
       Headbutt          |     6 |       ||     6
 Fire: Hand crossbow     |    29 |    81 ||   110
  Use: Scroll            |     3 |       ||     3
       Potion            |       |     3 ||     3
  Eat: Chunk             |     1 |     1 ||     2
       Ration            |     1 |       ||     1
Armor: Robe              |    16 |       ||    16
       Ring mail         |     8 |       ||     8
       Chain mail        |       |    31 ||    31
       Skin              |       |     8 ||     8
Dodge: Dodged            |    41 |    19 ||    60
       Deflected         |     1 |       ||     1

Table legend:
 A = Spawn XP
 B = Non-spawn XP
 C = Spawn XP percentage of total XP
 D = Spawn monster count
 E = Non-spawn monster count
 F = Spawn count percentage of total count
 G = Total turns spent on level
                    A         B        C        D         E        F      G
               +---------+---------+-------+---------+---------+-------+---------
         Total |       0 |     703 |   0.0 |       0 |      64 |   0.0 |  2573
               +---------+---------+-------+---------+---------+-------+---------
           D:1 |       0 |      66 |   0.0 |       0 |      31 |   0.0 |  1206
           D:2 |       0 |     247 |   0.0 |       0 |       8 |   0.0 |   654
           D:3 |       0 |      67 |   0.0 |       0 |      15 |   0.0 |   522
           D:4 |       0 |     175 |   0.0 |       0 |       6 |   0.0 |    90
           D:5 |       0 |     148 |   0.0 |       0 |       4 |   0.0 |   101
               +---------+---------+-------+---------+---------+-------+---------
